[Event "Titled Tuesday Blitz September 27 Early 2022"]
[White "Kalajzic, Ivan"]
[Black "Bykov, Egor"]
[WhiteFideId "14506378"]
[BlackFideId "34115290"]
[WhiteElo "2163"]
[BlackElo "2192"]
[Result "0-1"]
[Round "01"]
[TimeControl "180+1"]
[Date "2022.09.27"]
[WhiteClock "0:00:35"]
[BlackClock "0:00:25"]

1. b3 d5 2. Bb2 Nf6 3. e3 c6 4. Nf3 Bf5 5. d4 Nbd7 6. Bd3 e6 7. Nbd2 Bd6 8. O-O a5 9. Ne5 O-O 10. f4 a4 11. g4 Bxd3 12. cxd3 Ne8 13. g5 a3 14. Bc3 Bxe5 15. dxe5 c5 16. Qh5 g6 17. Qh6 Ng7 18. Rf3 Nf5 19. Qh3 h5 20. e4 Nd4 21. Bxd4 cxd4 22. Qg2 Rc8 23. exd5 exd5 24. Re1 Re8 25. Nf1 Qa5 26. Rd1 Rc3 27. Rh3 Qc5 28. Ng3 Rc2 29. Qf3 Rxa2 30. Nxh5 Rc2 31. Nf6+ Nxf6 32. gxf6 Rc1 33. Rxc1 Qxc1+ 34. Kg2 Qd2+ 35. Kg3 Qe3 0-1


[Site "https://www.chess.com"]

[Event "Titled Tuesday Blitz September 27 Early 2022"]
[White "Kamsky, Gata"]
[Black "Forgacs, Attila Jr."]
[WhiteFideId "2000024"]
[BlackFideId "773654"]
[WhiteElo "2666"]
[BlackElo "2062"]
[Result "1-0"]
[Round "01"]
[TimeControl "180+1"]
[Date "2022.09.27"]
[WhiteClock "0:00:48"]
[BlackClock "0:00:04"]

1. e4 e5 2. Nf3 Nc6 3. Bb5 a6 4. Ba4 Nf6 5. O-O Be7 6. Re1 b5 7. Bb3 O-O 8. c3 d5 9. d3 dxe4 10. dxe4 Qxd1 11. Bxd1 Bb7 12. a4 Rfd8 13. Nbd2 Bc5 14. h3 b4 15. Bc2 Rd7 16. Nc4 Re8 17. a5 Nh5 18. Ba4 f6 19. Nfd2 Nf4 20. Nb3 Nd3 21. Rf1 Red8 22. Be3 Bxe3 23. Nxe3 Nxb2 24. Nc5 Nxa4 25. Rxa4 Ba8 26. Nxd7 Rxd7 27. cxb4 Nd4 28. f3 Ne2+ 29. Kf2 Nf4 30. Rd1 Rd4 31. Rxd4 exd4 32. Nf5 d3 33. Ra2 g6 34. Nd4 Kf7 35. Ke3 Ne6 36. Nxe6 Kxe6 37. Kxd3 Bc6 38. Rc2 Bb5+ 39. Kd4 c6 40. f4 Kd6 41. g4 Bf1 42. h4 Bb5 43. g5 f5 44. exf5 gxf5 45. h5 Ke6 46. Rc3 Be2 47. Re3+ Kf7 48. Rxe2 1-0


[Site "https://www.chess.com"]

[Event "Titled Tuesday Blitz September 27 Early 2022"]
[White "Karas, Marek"]
[Black "Carlsen, Magnus"]
[WhiteFideId "14928558"]
[BlackFideId "1503014"]
[WhiteElo "2272"]
[BlackElo "2830"]
[Result "0-1"]
[Round "01"]
[TimeControl "180+1"]
[Date "2022.09.27"]
[WhiteClock "0:00:50"]
[BlackClock "0:02:09"]

1. d4 Nc6 2. Nf3 Nf6 3. c4 d6 4. Nc3 g6 5. g3 Bg7 6. Bg2 O-O 7. O-O Bf5 8. b3 Ne4 9. Bb2 Nxc3 10. Bxc3 Be4 11. e3 a5 12. Nd2 Bxg2 13. Kxg2 e5 14. dxe5 dxe5 15. Qc2 Qe7 16. Rad1 Nb4 17. Qb1 Rfd8 18. Nf3 e4 19. Nd4 Nd3 20. Ne2 Bxc3 21. Nxc3 c6 22. Rd2 Qe5 23. Ne2 Qf6 24. Kg1 Rd6 25. Nf4 Nxf4 26. Rxd6 Ne2+ 0-1


[Site "https://www.chess.com"]

[Event "Titled Tuesday Blitz September 27 Early 2022"]
[White "Karavade, Eesha"]
[Black "Kravtsiv, Martyn"]
[WhiteFideId "5012600"]
[BlackFideId "14113147"]
[WhiteElo "2489"]
[BlackElo "2821"]
[Result "1-0"]
[Round "01"]
[TimeControl "180+1"]
[Date "2022.09.27"]
[WhiteClock "0:00:15"]
[BlackClock "0:00:01"]

1. d4 d5 2. c4 e6 3. Nf3 Be7 4. Nc3 Nf6 5. Bf4 Nbd7 6. e3 O-O 7. h3 b6 8. Qc2 Bb7 9. cxd5 exd5 10. Bd3 c5 11. dxc5 bxc5 12. O-O Rc8 13. Rad1 d4 14. Ne4 h6 15. Nxf6+ Bxf6 16. Qe2 Re8 17. Bb5 Re6 18. Nd2 Nb6 19. Nc4 Nd5 20. Bg3 Qe7 21. Qg4 a6 22. Ba4 Rd8 23. Bb3 Re4 24. Qh5 dxe3 25. Nxe3 Rxe3 26. Bxd5 Bxd5 27. fxe3 Qxe3+ 28. Kh2 Qe4 29. Rf2 Bxa2 30. Rxd8+ Bxd8 31. Qxc5 Bf6 32. Qc8+ Kh7 33. Qf5+ Qxf5 34. Rxf5 Bc4 35. Rf2 Bb5 36. Rd2 g5 37. Bd6 Kg6 38. Kg3 Kf5 39. Bc5 Bg7 40. Bd4 Bf8 41. Rf2+ Ke4 42. Bf6 Bd6+ 43. Kg4 Bc5 44. Rc2 Be3 45. Kh5 Bd3 46. Rc6 Kd5 47. Rc8 Bg6+ 48. Kxh6 g4+ 49. Kg7 g3 50. Rd8+ Kc4 51. Bh4 1-0


[Site "https://www.chess.com"]

[Event "Titled Tuesday Blitz September 27 Early 2022"]
[White "Karthik Venkataraman"]
[Black "Derjabin, Ilja"]
[WhiteFideId "25006479"]
[BlackFideId "14104768"]
[WhiteElo "2880"]
[BlackElo "2506"]
[Result "1/2-1/2"]
[Round "01"]
[TimeControl "180+1"]
[Date "2022.09.27"]
[WhiteClock "0:01:06"]
[BlackClock "0:00:28"]

1. Nf3 c5 2. c4 Nc6 3. Nc3 Nf6 4. g3 g6 5. Bg2 Bg7 6. O-O O-O 7. d4 cxd4 8. Nxd4 Nxd4 9. Qxd4 Qa5 10. Qd3 d6 11. Bd2 Qh5 12. e4 Ng4 13. h4 Ne5 14. Qc2 Nxc4 15. Nd5 Nxd2 16. Nxe7+ Kh8 17. Qxd2 Be6 18. Rfc1 Rad8 19. Rc7 Qb5 20. a4 Qxb2 21. Qxb2 Bxb2 22. Rb1 Bd4 23. Rcxb7 Rd7 24. Nc6 Bc5 25. a5 Rc8 26. Rxd7 Bxd7 27. Ne7 Re8 28. Nd5 Bc6 29. Bf3 Bxd5 30. exd5 Kg7 31. Kg2 h5 32. Rb2 Re5 33. Rb7 Re1 34. a6 Ra1 35. Be2 Ra2 36. Re7 Kf6 37. Re8 Rd2 38. Re4 Rd4 39. Rxd4 Bxd4 40. Bb5 Ke5 41. Be8 Kf6 42. f4 Ke7 43. Bc6 Bc5 44. Kf3 Kf6 45. g4 hxg4+ 46. Kxg4 Bd4 47. Bd7 Bc5 48. Bc8 Bd4 49. h5 gxh5+ 50. Kxh5 Be3 51. Kg4 Bd4 52. Kf3 Bc5 53. Ke4 Bb6 54. Bd7 Bc5 55. Bc6 Bb6 56. Bb5 Bc5 57. Be2 Bb6 58. Bg4 Bc5 59. Kf3 Bb6 60. Bc8 Bc5 61. Kg4 Bb6 62. Bd7 Bc5 63. Kh5 Be3 64. Kg4 Bc5 65. Kf3 1/2-1/2


[Site "https://www.chess.com"]

[Event "Titled Tuesday Blitz September 27 Early 2022"]
[White "Khoroshev, Nikita"]
[Black "Murtazin, Ruslan"]
[WhiteFideId "14200287"]
[BlackFideId "24175960"]
[WhiteElo "2354"]
[BlackElo "2212"]
[Result "0-1"]
[Round "01"]
[TimeControl "180+1"]
[Date "2022.09.27"]
[WhiteClock "0:02:04"]
[BlackClock "0:00:50"]

1. e4 e6 2. d4 d5 3. Nc3 Nf6 4. Bg5 dxe4 5. Nxe4 Be7 6. Bxf6 gxf6 7. Qd2 f5 8. Nc3 a6 9. Nf3 b5 10. a4 b4 11. Ne2 Bb7 12. Ne5 Nd7 13. O-O-O Nxe5 14. dxe5 Qxd2+ 15. Rxd2 Rd8 16. Rxd8+ Bxd8 17. h4 h5 18. Rh3 Rg8 19. f3 c5 20. Nf4 Bc7 21. Nd3 c4 22. Nc5 Bc8 23. f4 Bb6 24. Nxa6 Bxa6 25. b3 Rg4 26. g3 Bf2 27. Be2 Rxg3 28. Rh1 Be3+ 29. Kd1 Bxf4 30. bxc4 Ra3 0-1


[Site "https://www.chess.com"]

[Event "Titled Tuesday Blitz September 27 Early 2022"]
[White "Kodinets, Konstantin L."]
[Black "Umarov, Sabir"]
[WhiteFideId "4122011"]
[BlackFideId "14200538"]
[WhiteElo "2447"]
[BlackElo "2347"]
[Result "1-0"]
[Round "01"]
[TimeControl "180+1"]
[Date "2022.09.27"]
[WhiteClock "0:00:53"]
[BlackClock "0:00:09"]

1. d4 g6 2. e4 Bg7 3. c3 c6 4. Bg5 d5 5. exd5 cxd5 6. Nd2 Nf6 7. Ngf3 h6 8. Bh4 Nc6 9. Bd3 O-O 10. O-O Bf5 11. Bxf5 gxf5 12. Bxf6 Bxf6 13. Re1 e6 14. a4 Kh7 15. Nf1 Rg8 16. Qd3 Qd6 17. a5 a6 18. b4 Rg6 19. N3d2 Rag8 20. g3 Kh8 21. Nb3 f4 22. Nc5 Qc7 23. Qf3 fxg3 24. fxg3 Ne7 25. Re2 Nf5 26. Kh1 Rg5 27. Raa2 h5 28. Rg2 Qe7 29. Rae2 Rg4 30. Ne3 Nxe3 31. Qxe3 Bg5 32. Qe5+ f6 33. Qxe6 Qxe6 34. Nxe6 h4 35. gxh4 Bxh4 36. Nc7 Rxg2 37. Rxg2 Rd8 38. Re2 Bg5 39. Kg2 Kh7 40. Ne6 Rc8 41. Nxg5+ fxg5 42. Re7+ Kg6 43. Rxb7 Rxc3 44. Rb6+ Kf5 45. Rxa6 Kf4 46. Rf6+ Kg4 47. a6 Ra3 48. b5 Ra5 49. Rf8 Ra2+ 50. Kf1 1-0


[Site "https://www.chess.com"]

[Event "Titled Tuesday Blitz September 27 Early 2022"]
[White "Korchmar, Vasiliy"]
[Black "Ljukin, Sergei"]
[WhiteFideId "24131750"]
[BlackFideId "14102200"]
[WhiteElo "2370"]
[BlackElo "2312"]
[Result "0-1"]
[Round "01"]
[TimeControl "180+1"]
[Date "2022.09.27"]
[WhiteClock "0:00:01"]
[BlackClock "0:00:05"]

1. e4 e6 2. d4 d5 3. e5 c5 4. c3 Nc6 5. Nf3 Qb6 6. Be2 cxd4 7. cxd4 Nh6 8. Bxh6 Qxb2 9. Nbd2 gxh6 10. O-O Nxd4 11. Nxd4 Qxd4 12. Bb5+ Bd7 13. Bxd7+ Kxd7 14. Qb3 Qb6 15. Qf3 Ke8 16. Rab1 Qc7 17. Rfc1 Bc5 18. Qg3 b6 19. Qg7 Rf8 20. Nb3 Ke7 21. Qxh6 Rac8 22. Qf6+ Ke8 23. a4 Rg8 24. g3 Rg6 25. Qf4 f6 26. Re1 fxe5 27. Qh4 e4 28. a5 Qe7 29. Qh5 Qf7 30. Qe2 Rf6 31. Rf1 Ke7 32. axb6 Bxb6 33. Qa6 Rxf2 34. Kh1 Qf3+ 0-1


[Site "https://www.chess.com"]

[Event "Titled Tuesday Blitz September 27 Early 2022"]
[White "Korelskiy, Egor"]
[Black "Ladan, Nicholas"]
[WhiteFideId "34329064"]
[BlackFideId "30918855"]
[WhiteElo "2071"]
[BlackElo "2167"]
[Result "0-1"]
[Round "01"]
[TimeControl "180+1"]
[Date "2022.09.27"]
[WhiteClock "0:00:03"]
[BlackClock "0:00:08"]

1. e4 e5 2. Nf3 Nc6 3. Bb5 a6 4. Ba4 g6 5. O-O Bg7 6. c3 b5 7. Bc2 d6 8. d4 exd4 9. cxd4 Bg4 10. Be3 Qf6 11. Nbd2 Nxd4 12. Bxd4 Qxd4 13. Rb1 Bxf3 14. Nxf3 Qxd1 15. Rfxd1 Ne7 16. Bb3 O-O 17. Rbc1 Rac8 18. Rc2 Rfd8 19. Ng5 Rf8 20. a4 h6 21. Nf3 Rfd8 22. axb5 axb5 23. h3 c5 24. Rcd2 c4 25. Ba2 Nc6 26. Kf1 Ne5 27. Nd4 b4 28. Bb1 Nd3 29. Bxd3 Bxd4 30. Bxc4 Bxb2 31. Bxf7+ Kxf7 32. Rxb2 Rc4 33. f3 Ke6 34. Ke2 d5 35. Rbd2 d4 36. f4 b3 37. Rb1 Rb4 38. Rbb2 Rd6 39. g4 Kd7 40. Rd3 Rdb6 41. Rdd2 Kd6 42. Kd3 Kc5 43. f5 gxf5 44. gxf5 Kd6 45. Rf2 Ke5 46. Rf1 Rc6 47. Re1 Rc3+ 48. Kd2 Rxh3 49. Rf1 Rh2+ 50. Kc1 Rc4+ 51. Kb1 Rxb2+ 52. Kxb2 Kxe4 53. f6 Rc8 54. f7 Rf8 55. Kxb3 Ke3 56. Kc4 d3 57. Re1+ Kd2 58. Rf1 Ke2 59. Rf6 d2 60. Re6+ Kf3 61. Rd6 Rxf7 62. Rxd2 h5 63. Rd6 Rh7 64. Kd3 h4 65. Rf6+ Kg2 66. Rg6+ Kf3 67. Rf6+ Kg4 68. Rg6+ Kf5 69. Rg1 h3 70. Ke3 h2 71. Rh1 Kg4 72. Kf2 Kh3 73. Kf3 Rf7+ 74. Ke3 Rg7 75. Kf2 Rf7+ 76. Ke2 Kg2 0-1


[Site "https://www.chess.com"]

[Event "Titled Tuesday Blitz September 27 Early 2022"]
[White "Kostiukov, Alexandr"]
[Black "Malek, Jan"]
[WhiteFideId "14108100"]
[BlackFideId "21864080"]
[WhiteElo "2202"]
[BlackElo "2172"]
[Result "0-1"]
[Round "01"]
[TimeControl "180+1"]
[Date "2022.09.27"]
[WhiteClock "0:00:08"]
[BlackClock "0:01:20"]

1. g3 d5 2. Bg2 Nc6 3. d4 Bg4 4. Nf3 e6 5. Ne5 Nxe5 6. dxe5 c6 7. O-O Bc5 8. Nd2 Ne7 9. Nf3 Ng6 10. Re1 Qb6 11. Rf1 Bxf3 12. exf3 Nxe5 13. f4 Nd7 14. f5 O-O 15. fxe6 fxe6 16. Qe2 Kh8 17. Qxe6 Rxf2 18. Rxf2 Bxf2+ 19. Kh1 Nf6 20. Qf5 Be3 21. Bxe3 Qxe3 22. Rf1 Re8 23. a4 Qd4 24. b3 h6 25. h3 Qe5 26. Qxe5 Rxe5 27. Rf2 Kh7 28. Bf3 Re1+ 29. Kg2 Kg6 30. Rd2 Kf5 31. Kf2 Rc1 32. Ke2 Ke5 33. Kd3 Rg1 34. Bg2 Ne4 35. Re2 Rd1+ 36. Ke3 Nxg3 0-1


[Site "https://www.chess.com"]

[Event "Titled Tuesday Blitz September 27 Early 2022"]
[White "Koutlas, Nikolaos"]
[Black "Koziorowicz, Michal"]
[WhiteFideId "25827138"]
[BlackFideId "21809194"]
[WhiteElo "1738"]
[BlackElo "2220"]
[Result "0-1"]
[Round "01"]
[TimeControl "180+1"]
[Date "2022.09.27"]
[WhiteClock "0:00:50"]
[BlackClock "0:00:13"]

1. g3 e5 2. Bg2 Nf6 3. c4 c6 4. Nc3 d5 5. cxd5 cxd5 6. d3 Nc6 7. Bg5 Be6 8. e4 d4 9. Nd5 h6 10. Nxf6+ gxf6 11. Bd2 h5 12. f4 Bg4 13. Nf3 h4 14. h3 Bxf3 15. Qxf3 hxg3 16. Qxg3 Qb6 17. b3 O-O-O 18. Rc1 Kb8 19. fxe5 fxe5 20. O-O Ba3 21. Rc4 Rdg8 22. Qh2 Qc7 23. Rf5 Bd6 24. b4 Qe7 25. b5 Nd8 26. a3 Rg7 27. Kf1 Rhg8 28. Bf3 f6 29. Bb4 Bxb4 30. axb4 Ne6 31. Bg4 Nf4 32. Rxf4 exf4 33. Qxf4+ Qe5 34. Qxe5+ fxe5 35. Rc5 Re8 36. Kf2 Rc7 37. Rd5 Rc2+ 38. Kg3 Rd2 39. Bf5 Rxd3+ 40. Kg4 Rd1 41. h4 d3 42. h5 d2 43. Kf3 Rg8 44. h6 Rgg1 45. h7 Rh1 0-1


[Site "https://www.chess.com"]

[Event "Titled Tuesday Blitz September 27 Early 2022"]
[White "Kukreja, Sankalp"]
[Black "Mikhailovsky, Vladimir"]
[WhiteFideId "45027676"]
[BlackFideId "34105414"]
[WhiteElo "2004"]
[BlackElo "2297"]
[Result "1-0"]
[Round "01"]
[TimeControl "180+1"]
[Date "2022.09.27"]
[WhiteClock "0:00:08"]
[BlackClock "0:00:01"]

1. e4 c6 2. d4 d5 3. exd5 cxd5 4. c4 Nf6 5. Nc3 Nc6 6. Nf3 g6 7. Qb3 Na5 8. Qc2 Nxc4 9. b3 Bf5 10. Bd3 Nd6 11. Nb5 Rc8 12. Nxd6+ Qxd6 13. Bb5+ Kd8 14. Qe2 Rc2 15. Bd2 Ne4 16. Ba5+ b6 17. Qxc2 bxa5 18. Ne5 Qb4+ 19. Kf1 Qxb5+ 20. Kg1 Ng3 21. Qd2 Ne2+ 22. Kf1 Nc3+ 23. Kg1 Ne4 24. Qc2 Be6 25. Rc1 Qb7 26. Nc6+ Ke8 27. Nxa5 Qb6 28. Qc6+ Qxc6 29. Nxc6 1-0


[Site "https://www.chess.com"]

[Event "Titled Tuesday Blitz September 27 Early 2022"]
[White "Kukula, Pawel"]
[Black "Yilmaz, Mustafa"]
[WhiteFideId "1115081"]
[BlackFideId "6302718"]
[WhiteElo "2062"]
[BlackElo "2568"]
[Result "0-1"]
[Round "01"]
[TimeControl "180+1"]
[Date "2022.09.27"]
[WhiteClock "0:02:17"]
[BlackClock "0:01:53"]

1. e4 c5 2. Nf3 d6 3. d4 cxd4 4. Nxd4 Nf6 5. Nc3 Nc6 6. Bg5 e6 7. Qd2 a6 8. O-O-O Bd7 9. f4 Be7 10. Nxc6 Bxc6 11. Qe1 Qc7 12. e5 dxe5 13. fxe5 Nd5 14. Bxe7 Nxe7 15. Bd3 Ng6 16. Bxg6 hxg6 17. Qe2 Rh5 18. Rd6 Qa5 0-1


[Site "https://www.chess.com"]

[Event "Titled Tuesday Blitz September 27 Early 2022"]
[White "Kvaloy, Aksel Bu"]
[Black "Aloma Vidal, Robert"]
[WhiteFideId "1528815"]
[BlackFideId "2260409"]
[WhiteElo "1998"]
[BlackElo "2435"]
[Result "0-1"]
[Round "01"]
[TimeControl "180+1"]
[Date "2022.09.27"]
[WhiteClock "0:00:22"]
[BlackClock "0:01:29"]

1. e4 e5 2. Nf3 Nf6 3. d4 Nxe4 4. Bd3 Nc6 5. dxe5 Nc5 6. Bc4 d6 7. O-O Be6 8. Bxe6 Nxe6 9. exd6 Bxd6 10. Nc3 O-O 11. Ne4 Be7 12. Be3 f5 13. Nc3 Bf6 14. Qe2 f4 15. Bxa7 Re8 16. Rad1 Qc8 17. Nd5 Rxa7 18. Nxf6+ gxf6 19. Qc4 Kg7 20. Nh4 Ra5 21. Rfe1 Re5 22. Rxe5 fxe5 23. Nf5+ Kf6 24. Qe4 Ng5 25. Qe2 Qxf5 26. Qh5 Rg8 27. h4 Nh3+ 0-1


[Site "https://www.chess.com"]

[Event "Titled Tuesday Blitz September 27 Early 2022"]
[White "Lazavik, Denis"]
[Black "Garv Gaur"]
[WhiteFideId "13515110"]
[BlackFideId "45030839"]
[WhiteElo "2437"]
[BlackElo "1950"]
[Result "1-0"]
[Round "01"]
[TimeControl "180+1"]
[Date "2022.09.27"]
[WhiteClock "0:00:23"]
[BlackClock "0:00:30"]

1. d4 d5 2. c4 e6 3. Nc3 Nf6 4. cxd5 exd5 5. Bg5 c6 6. e3 Be7 7. Bd3 h6 8. Bf4 O-O 9. h3 Bd6 10. Bxd6 Qxd6 11. Nf3 Re8 12. Qc2 a5 13. O-O Na6 14. a3 Nc7 15. Rab1 b5 16. Ne2 Bb7 17. Rfc1 Rac8 18. Qc5 Qxc5 19. Rxc5 Nd7 20. Rc2 Ne6 21. b3 Nb6 22. a4 b4 23. Rbc1 Rc7 24. Ne5 Rec8 25. Bf5 Nd7 26. Nxd7 Rxd7 27. Nf4 Rd6 28. Bxe6 fxe6 29. Nd3 Ra8 30. Ne5 Ra6 31. f3 Kf8 32. Kf2 Ke7 33. g4 Kd8 34. Nf7+ Ke7 35. Nxd6 Kxd6 36. Kg3 Ra8 37. h4 Rf8 38. Rc5 Ra8 39. e4 Ke7 40. Kf4 Kd6 41. Ke3 Ke7 42. Rg1 g6 43. e5 Kd7 44. f4 Kc7 45. h5 Rg8 46. g5 gxh5 47. gxh6 Rh8 48. Rg6 h4 49. Rc1 Kb6 50. Rh1 Bc8 51. Rxh4 c5 52. dxc5+ Kxc5 53. h7 d4+ 54. Kd2 Kd5 55. Rg8 Rxh7 56. Rxh7 Ba6 57. Ra7 Bf1 58. Rg1 Ke4 59. Rxf1 1-0


[Site "https://www.chess.com"]

[Event "Titled Tuesday Blitz September 27 Early 2022"]
[White "Le, Tuan Minh"]
[Black "Kouskoutis, Georgios-Alexandros"]
[WhiteFideId "12401153"]
[BlackFideId "4234049"]
[WhiteElo "2530"]
[BlackElo "2130"]
[Result "1-0"]
[Round "01"]
[TimeControl "180+1"]
[Date "2022.09.27"]
[WhiteClock "0:00:16"]
[BlackClock "0:00:01"]

1. d4 Nf6 2. Nf3 d5 3. Bf4 c5 4. c3 Nc6 5. e3 Qb6 6. Qc2 g6 7. Nbd2 Bf5 8. dxc5 Qxc5 9. Qb3 Qb6 10. Be2 Bg7 11. O-O O-O 12. Rfd1 Qxb3 13. axb3 Nh5 14. Bg5 h6 15. Bh4 g5 16. Bg3 Nxg3 17. hxg3 a5 18. Nb1 e6 19. Na3 Rfc8 20. Rd2 b6 21. Nb5 Rd8 22. Rad1 Na7 23. Nbd4 Be4 24. Bf1 Rac8 25. Ne1 g4 26. Be2 h5 27. f3 Bg6 28. fxg4 Bh6 29. Kf2 hxg4 30. Bxg4 Re8 31. Nef3 Nc6 32. Nxc6 Rxc6 33. Ne5 Rc7 34. Rh1 Bg7 35. Nxg6 fxg6 36. e4 dxe4 37. Re2 e5 38. Rxe4 b5 39. Be2 Rb7 40. Rg4 Rb6 41. Rd1 b4 42. Bc4+ Kf8 43. Ke3 e4 44. Rf1+ Rf6 45. Rxf6+ Bxf6 46. Rxg6 Bg7 47. Rg4 Bh6+ 48. Ke2 e3 49. Rh4 1-0


[Site "https://www.chess.com"]

[Event "Titled Tuesday Blitz September 27 Early 2022"]
[White "Levitskiy, Andrey"]
[Black "Roman, Rodrigo"]
[WhiteFideId "14132885"]
[BlackFideId "3701220"]
[WhiteElo "2303"]
[BlackElo "2001"]
[Result "1-0"]
[Round "01"]
[TimeControl "180+1"]
[Date "2022.09.27"]
[WhiteClock "0:00:13"]
[BlackClock "0:00:13"]

1. e4 c5 2. Nf3 Nc6 3. d4 cxd4 4. Nxd4 Nf6 5. Nc3 e6 6. Ndb5 d6 7. Bf4 e5 8. Bg5 a6 9. Na3 b5 10. Nd5 Be7 11. Bxf6 Bxf6 12. c4 b4 13. Nc2 a5 14. g3 O-O 15. Bg2 Be6 16. O-O Bg5 17. Qd3 Rc8 18. Rad1 f5 19. f4 exf4 20. gxf4 Bh4 21. Nce3 fxe4 22. Bxe4 h6 23. f5 Ne5 24. Qe2 Bf7 25. f6 g6 26. Ng4 Kh7 27. Nxe5 dxe5 28. Kh1 Rc5 29. Qg4 Bg5 30. h4 Rxc4 31. Bxg6+ Kxg6 32. Qxc4 Qa8 33. Qe4+ Kh5 34. hxg5 Rd8 35. Qf3+ Kh4 36. Ne3 Qxf3+ 37. Rxf3 Rxd1+ 38. Nxd1 Bd5 39. Kg2 Kg4 40. Ne3+ Kxg5 41. Nxd5 e4 42. Rf4 Kg6 43. f7 1-0


[Site "https://www.chess.com"]

[Event "Titled Tuesday Blitz September 27 Early 2022"]
[White "Lewtak, Damian"]
[Black "Kuchava, Ana"]
[WhiteFideId "1141724"]
[BlackFideId "13605348"]
[WhiteElo "2329"]
[BlackElo "1955"]
[Result "1-0"]
[Round "01"]
[TimeControl "180+1"]
[Date "2022.09.27"]
[WhiteClock "0:00:08"]
[BlackClock "0:00:05"]

1. h4 d5 2. d3 Nf6 3. g3 e5 4. Bg2 Be6 5. e3 c6 6. Ne2 Bd6 7. b3 O-O 8. Bb2 Nbd7 9. Nd2 c5 10. a3 Rc8 11. e4 d4 12. a4 a6 13. a5 Bc7 14. O-O Bxa5 15. Nf3 Bc7 16. Ng5 Qe7 17. Nxe6 Qxe6 18. f3 b5 19. Kh2 c4 20. Bh3 Qc6 21. bxc4 bxc4 22. Ba3 Bd6 23. Bxd6 Qxd6 24. Qd2 c3 25. Qc1 Rb8 26. Ra2 Rb6 27. Qa1 Rfb8 28. Rc1 h6 29. Ra5 Nc5 30. Qa3 Nb7 31. Qxd6 Nxd6 32. Rxe5 Rb1 33. Rxb1 Rxb1 34. Nxd4 Rc1 35. Bg2 Nb5 36. Nxb5 axb5 37. Rxb5 Rxc2 38. Rc5 Nd7 39. Rc8+ Kh7 40. d4 Nb6 41. Rc6 Na4 42. d5 Rd2 43. f4 c2 44. d6 Nb6 45. e5 Nd5 46. Kh3 Ne3 47. Be4+ g6 48. Rc7 h5 49. Rxf7+ Kh6 50. Rc7 Rd1 51. d7 c1=Q 52. Rxc1 Rxd7 53. Re1 Ng4 54. Bf3 Rd2 55. Bxg4 hxg4+ 56. Kxg4 Rd8 57. Rc1 Re8 58. Rc6 Kg7 59. Rf6 Rh8 60. Ra6 Rb8 61. Ra7+ Kg8 62. Kg5 Rb6 63. g4 Kf8 64. h5 gxh5 65. Kxh5 Kg8 66. Kg5 Rb4 67. f5 Rb6 68. e6 Kf8 69. Kf6 Kg8 70. Ra8+ Kh7 71. Kf7 1-0


[Site "https://www.chess.com"]

[Event "Titled Tuesday Blitz September 27 Early 2022"]
[White "Loay, Sameer"]
[Black "Babazada, Khazar"]
[WhiteFideId "8104239"]
[BlackFideId "13413554"]
[WhiteElo "2505"]
[BlackElo "2877"]
[Result "0-1"]
[Round "01"]
[TimeControl "180+1"]
[Date "2022.09.27"]
[WhiteClock "0:00:20"]
[BlackClock "0:00:25"]

1. Nf3 Nf6 2. g3 g6 3. Bg2 Bg7 4. O-O O-O 5. d3 d6 6. c3 e5 7. e4 Nc6 8. Re1 h6 9. d4 Bg4 10. h3 Bxf3 11. Bxf3 Nd7 12. dxe5 dxe5 13. Be3 Qe7 14. Na3 Rfd8 15. Qc2 a6 16. Rad1 Nf8 17. Qc1 Ne6 18. Bxh6 Bxh6 19. Qxh6 Ng5 20. Bg2 Rxd1 21. Rxd1 Rd8 22. Rxd8+ Qxd8 23. h4 Qd1+ 24. Kh2 Nf3+ 25. Bxf3 Qxf3 26. Qe3 Qd1 27. Kg2 Qa1 28. Qd2 Qxa2 29. g4 Qe6 30. Kg3 b5 31. Nc2 Qf6 32. g5 Qe6 33. Ne3 Kf8 34. Nd5 Qd6 35. Qe2 Ne7 36. Nf6 Ng8 37. Ng4 Ne7 38. Qf3 a5 39. Nh6 Qe6 40. h5 gxh5 41. Qxh5 Ng6 42. Nf5 Qc4 43. Qh7 Qxe4 44. Qg7+ Ke8 45. Qg8+ Nf8 46. Ng7+ Ke7 47. Nh5 Qg6 48. Qh8 Qxg5+ 49. Kh2 Ng6 50. Qh7 Qh4+ 51. Kg1 a4 52. Nf6 Qxf6 0-1


[Site "https://www.chess.com"]

[Event "Titled Tuesday Blitz September 27 Early 2022"]
[White "Lopez Martinez, Josep Manuel"]
[Black "Pinero Rodriguez, Carlos Jose"]
[WhiteFideId "2212943"]
[BlackFideId "3901726"]
[WhiteElo "2471"]
[BlackElo "2053"]
[Result "1-0"]
[Round "01"]
[TimeControl "180+1"]
[Date "2022.09.27"]
[WhiteClock "0:00:18"]
[BlackClock "0:00:05"]

1. d4 Nf6 2. c4 e6 3. Nf3 Bb4+ 4. Bd2 Qe7 5. a3 Bxd2+ 6. Qxd2 d6 7. Nc3 O-O 8. e4 e5 9. d5 a5 10. b3 Nbd7 11. Bd3 Nh5 12. g3 Nc5 13. Bc2 Bh3 14. Nh4 g6 15. Qe2 c6 16. O-O-O Qf6 17. Kb2 Rfb8 18. a4 Na6 19. f3 Nb4 20. Bb1 c5 21. Ng2 Bxg2 22. Qxg2 Qg5 23. Qf2 b6 24. Rhf1 Re8 25. f4 Qf6 26. Qf3 Re7 27. f5 Kg7 28. h4 h6 29. Rf2 Rf8 30. Rdf1 Ree8 31. Nd1 Qd8 32. f6+ Kh7 33. Ne3 Rg8 34. Ng4 Rh8 35. Qe3 Kg8 36. Nxh6+ Kf8 37. Ng4 Qd7 38. Qf3 Rb8 39. Ne3 Ke8 40. Ng2 Kd8 41. g4 Nf4 42. Nxf4 exf4 43. h5 g5 44. e5 dxe5 45. Re2 Qd6 46. Rfe1 Re8 47. Qe4 Kc7 48. Qf5 f3 49. Rxe5 Rxe5 50. Rxe5 Rd8 51. h6 Kb8 52. h7 f2 53. Re2 Qh2 54. Qxf2 Qxh7 55. Bxh7 1-0


[Site "https://www.chess.com"]

[Event "Titled Tuesday Blitz September 27 Early 2022"]
[White "Madaminov, Mukhiddin"]
[Black "Crevatin, Leo"]
[WhiteFideId "14210703"]
[BlackFideId "1726307"]
[WhiteElo "2815"]
[BlackElo "2483"]
[Result "0-1"]
[Round "01"]
[TimeControl "180+1"]
[Date "2022.09.27"]
[WhiteClock "0:00:11"]
[BlackClock "0:00:19"]

1. d4 Nf6 2. Nc3 d5 3. Bf4 g6 4. Qd2 h6 5. O-O-O Bg7 6. Nf3 a6 7. h4 b5 8. Ne5 Bb7 9. f3 Nbd7 10. e3 O-O 11. g4 Nxe5 12. Bxe5 Nd7 13. Bxg7 Kxg7 14. h5 g5 15. f4 f6 16. Bd3 c5 17. Ne2 e6 18. c3 b4 19. cxb4 cxb4 20. Qxb4 Nb6 21. Kb1 a5 22. Qd2 Ba6 23. Rc1 Kh8 24. Rc6 Bc4 25. Rc1 Rb8 26. b3 a4 27. b4 a3 28. Ka1 Qd7 29. b5 Bxd3 30. Qxd3 Nc4 31. Nc3 Rxb5 32. Qg6 Qxc6 33. Qxh6+ Kg8 34. Qg6+ Kh8 35. Qh6+ Kg8 36. Qg6+ Kh8 37. h6 Rb7 38. Rb1 Rxb1+ 39. Nxb1 Qb7 40. Qc2 Qb2+ 41. Qxb2 axb2# 0-1


[Site "https://www.chess.com"]

[Event "Titled Tuesday Blitz September 27 Early 2022"]
[White "Mahdavi, Reza"]
[Black "Sargissyan, Sargis"]
[WhiteFideId "12595926"]
[BlackFideId "13303210"]
[WhiteElo "2240"]
[BlackElo "2102"]
[Result "1-0"]
[Round "01"]
[TimeControl "180+1"]
[Date "2022.09.27"]
[WhiteClock "0:01:47"]
[BlackClock "0:00:11"]

1. e4 e5 2. Nf3 Nc6 3. Nc3 Nf6 4. g3 d5 5. exd5 Nxd5 6. Bg2 Nxc3 7. bxc3 Bd6 8. O-O O-O 9. d3 Bg4 10. Rb1 Rb8 11. h3 Bh5 12. g4 Bg6 13. Ng5 h6 14. Ne4 f5 15. gxf5 Bxf5 16. Be3 Qd7 17. Qf3 Be6 18. Qg3 Ne7 19. Bxa7 Ra8 20. Nc5 Bxc5 21. Bxc5 Rxa2 22. Rxb7 Rxc2 23. Qxe5 Bxh3 24. Qxe7 Qg4 25. Qxf8+ Kh7 26. Qf3 1-0


[Site "https://www.chess.com"]